 Dungeon Crawl Stone Soup version 0.31-a0-557-g6e16503903 (webtiles) character file.

Game seed: 2397231339676638657

28 Maratek the Trooper (level 3, 0/26 HPs)
             Began as an Octopode Fighter on Aug 16, 2023.
             Slain by Terence
             ... wielding a +3 hand axe of flaming
              (2 damage)
             ... on level 2 of the Dungeon.
             The game lasted 00:02:02 (860 turns).

Maratek the Trooper (Octopode Fighter)               Turns: 860, Time: 00:02:02

Health: 0/26       AC:  1    Str: 17    XL:     3   Next: 12%
Magic:  3/3        EV: 13    Int: 10    God:
Gold:   44         SH:  4    Dex: 11    Spells: 2/2 levels left

rFire   . . .        h - +4 war axe
rCold   . . .        b - +0 buckler
rNeg    . . .        (helmet restricted)
rPois   .            (no amulet)
rElec   .            (no ring)
rCorr   .            (no ring)
SInv    .            (no ring)
Will    .....        (no ring)
Stlth   ++           (no ring)
HPRegen 0.24/turn    (no ring)
MPRegen 0.08/turn    (no ring)
                     (no ring)

%: no passive effects
@: no status effects
A: almost no armour, amphibious, 8 rings, camouflage 1, gelatinous body 1,
(nimble swimmer 1), tentacles
a: no special abilities


You were on level 2 of the Dungeon.
You visited 1 branch of the dungeon, and saw 2 of its levels.

You collected 44 gold pieces.

Inventory:

Hand Weapons
 h - a +4 war axe (weapon)
Armour
 b - a +0 buckler (worn)
Scrolls
 d - a scroll of immolation {unknown}
 f - a scroll of fear {unknown}
 g - a scroll of identify {unknown}
Potions
 c - a potion of might
 e - a potion of lignification {unknown}


   Skills:
 + Level 3.4 Fighting
 + Level 2.3 Axes
 + Level 3.3 Dodging
 + Level 3.2 Shields


You had 2 spell levels left.
You didn't know any spells.
Your spell library contained the following spells:

 Spells                   Type           Power      Damage    Failure   Level
 Dazzling Flash           Conj/Hex       0%         N/A       82%         3
 Volatile Blastmotes      Fire/Tloc      0%         2d10      82%         3
 Starburst                Conj/Fire      0%         6d3       100%        6
 Maxwell's Capacitive Co  Air            0%         ∞         100%        8


Dungeon Overview and Level Annotations

Branches:
Dungeon (2/15)

Altars:

Shops:
D:1 [

Annotations:
D:2 Terence


Innate Abilities, Weirdness & Mutations

You cannot wear most types of armour.
You are amphibious.
You can wear up to eight rings at the same time.
Your skin changes colour to match your surroundings (Stealth+).
Your rubbery body absorbs attacks. (AC +1, EV +1)
((You are camouflaged when in or above water. (Stealth+)))
You have tentacles for arms and can constrict up to eight enemies at once.


Message History

Done exploring.
Done exploring.
Done exploring.
There is a stone staircase leading down here.
You climb downwards.
Found a pair of embroidered boots.
There is a stone staircase leading up here.
The helpless frilled lizard fails to defend itself.
You slash the frilled lizard!
You kill the frilled lizard!
You see here a frilled lizard corpse.
There is a stone staircase leading up here.
You see here a +2 pair of boots.
A rat comes into view.
A rat is nearby!
The helpless rat fails to defend itself.
You slash the rat!
You kill the rat!
You see here a rat corpse.
You now have 44 gold pieces (gained 12).
Terence the Incautious comes into view.
He is wielding a +3 hand axe of flaming.
Terence is nearby!
You see here a +2 hand axe of draining.
A quokka comes into view.
You slash the quokka!
You kill the quokka!
Terence shouts!
Terence shouts, "DIE!!!"
Terence hits you with a +3 hand axe of flaming.
Terence burns you.
You hear a shout!
You hit Terence but do no damage. Your grab misses Terence.
Terence hits you with a +3 hand axe of flaming.
Terence burns you.
A hobgoblin comes into view.
You barely miss Terence. You grab Terence. You constrict Terence.
Terence hits you with a +3 hand axe of flaming!
* * * LOW HITPOINT WARNING * * *
Terence burns you.
You die...

#.. #.# #..# #.# ..# #.#
... . #.# #.## ##.# #.#
#.. .... #####.#
#.#######..#...
.<.[#.####...)..@@......
###........#######.#...#
###.###......... .. .
#####.# #......... ...
...†..# #...###### ..#
####### #...# .g #...# #
...... ####.#.#


You could see Terence and a hobgoblin.

Vanquished Creatures
  4 ball pythons (D:1)
  A giant cockroach (D:1)
  A goblin (D:1)
  5 hobgoblins (D:1)
  2 quokkas
  2 bats (D:1)
  3 frilled lizards
  2 kobolds (D:1)
  7 rats
27 creatures vanquished.

Notes
Turn   | Place    | Note
-------+----------+-------------------------------------------
     0 | D:1      | Maratek the Octopode Fighter began the quest for the Orb.
     0 | D:1      | Reached XP level 1. HP: 16/16 MP: 1/1
   190 | D:1      | Reached XP level 2. HP: 20/21 MP: 2/2
   681 | D:1      | Found Xyvoreat's Armour Shoppe.
   691 | D:1      | Reached XP level 3. HP: 11/26 MP: 3/3
   852 | D:2      | Noticed Terence
   860 | D:2      | Slain by Terence

Illustrated notes

Levels and vault maps discovered:
D:1:      lightli_arrival_noodles, layout_basic, serial_shops, shop
D:2:      layout_loops_ring, dreamdust_ecumenical_altar_sealed_demon,
          st_stairs_2, guppyfry_early_orc_mine, uniq_terence

Action                     || total
---------------------------++-------
  Melee: War axe           ||    40
         Constrict         ||     8
         Tentacles         ||     3
   Stab: Sleeping          ||     3
 Armour: Skin              ||     7
  Dodge: Dodged            ||    37
  Block: Buckler           ||     8

Table legend: (Time is in decaauts)
 A = Elapsed time spent in this place.
 B = Non-inter-level travel time spent in this place.
 C = Inter-level travel time spent in this place.
 D = Time resting spent in this place.
 E = Time spent auto-exploring this place.
 F = Levels seen in this place.
 G = Mean time per level.
                   A        B        C        D        E       F      G
               +--------+--------+--------+--------+--------+-----+--------+
         Total |    876 |    876 |      0 |      0 |    656 |   2 |  438.0 |
       Dungeon |    876 |    876 |      0 |      0 |    656 |   2 |  438.0 |
               +--------+--------+--------+--------+--------+-----+--------+

Top non-repeatable levels by time:
     D:1: 835 daAuts
     D:2: 40 daAuts
